 Dungeon Crawl Stone Soup version 0.26-b1-25-gafae2e710b (webtiles) character file.

Game seed: 9069350565061200540

844 pokeman the Thaumaturge (level 7, -1/39 HPs)
             Began as a Deep Elf Hedge Wizard on Jan 2, 2021.
             Slain by a sky beast (6 damage)
             ... on level 5 of the Dungeon.
             The game lasted 00:15:09 (7040 turns).

pokeman the Thaumaturge (Deep Elf Hedge Wizard)     Turns: 7040, Time: 00:15:09

Health: -1/39      AC:  7    Str:  7    XL:     7   Next: 68%
Magic:  1/20       EV: 12    Int: 21    God:
Gold:   315        SH:  0    Dex: 14    Spells: 11/22 levels left

rFire    + . .     SeeInvis .   l - +0 dagger (flame)
rCold    . . .     Faith    .   (no shield)
rNeg     . . .     Spirit   .   q - +0 leather armour
rPois    .         Reflect  .   D - +1 hat
rElec    .         Harm     .   (no cloak)
rCorr    .         Rampage  .   t - +0 pair of gloves
Will     .....     Rnd*Tele +   (no boots)
Stlth    ++........             (no amulet)
HPRegen  0.13/turn              i - ring of teleportation (curse)
MPRegen  0.17/turn              k - ring of protection from fire (curse)

@: very slightly contaminated
A: beak, molten scales 1
a: no special abilities


You were on level 5 of the Dungeon.
You visited 1 branch of the dungeon, and saw 6 of its levels.

You collected 315 gold pieces.

Inventory:

Hand Weapons
 l - a +0 dagger of flaming (weapon)
Missiles
 g - 66 arrows
 o - 24 bolts
 B - 4 curare-tipped darts
Armour
 q - a +0 leather armour (worn)
 t - a +0 pair of gloves (worn)
 y - a +0 helmet
 D - a +1 hat (worn)
Jewellery
 i - a cursed ring of teleportation (left hand)
 j - an uncursed amulet of guardian spirit
 k - a cursed ring of protection from fire (right hand)
 p - an uncursed ring of positive energy {unknown}
 v - a cursed ring of attention {unknown}
Wands
 b - a wand of polymorph (8)
 u - a wand of flame (15)
Scrolls
 d - 6 scrolls of identify {unknown}
 e - 2 scrolls of teleportation {unknown}
 f - a scroll of fog {unknown}
 h - a scroll of amnesia {unknown}
 m - 3 scrolls of remove curse {unknown}
 n - 3 scrolls of magic mapping {unknown}
 r - 3 scrolls of enchant armour {unknown}
 s - a scroll of noise {unknown}
 w - 3 scrolls of enchant weapon {unknown}
Potions
 a - a potion of might
 x - 2 potions of curing
 z - 2 potions of haste {unknown}
 A - a potion of heal wounds {unknown}
 C - a potion of resistance


   Skills:
 + Level 1.9 Fighting
 - Level 1.0 Armour
 - Level 3.0 Dodging
 - Level 4.0 Stealth
 * Level 8.4 Spellcasting
 + Level 4.2 Conjurations
 - Level 1.1 Summonings
 - Level 1.1 Translocations
 + Level 2.2 Fire Magic
 - Level 1.0 Air Magic
 - Level 2.0 Poison Magic


You had 11 spell levels left.
You knew the following spells:

 Your Spells              Type           Power        Failure   Level
a - Magic Dart            Conj           100%         1%          1
b - Mephitic Cloud        Conj/Pois/Air  19%          12%         3
c - Call Imp              Summ           13%          11%         2
d - Blink                 Tloc           N/A          11%         2
e - Conjure Flame         Conj/Fire      22%          9%          3

Your spell library contained the following spells:

 Spells                   Type           Power        Failure   Level
 Slow                     Hex            8%           17%         2


Dungeon Overview and Level Annotations

Branches:
Dungeon (6/15)
 Temple: D:4-7

Altars:
Ashenzari
Dithmenos
Ru

Shops:
D:4 [[?!


Innate Abilities, Weirdness & Mutations

You have a beak for a mouth.
You are partially covered in molten scales. (AC +2)


Message History

Unknown command.
Casting: Conjure Flame (dangerous; 9% risk of failure)
Confirm with . or Enter, or press ? or * to list all spells.
The fire begins to smolder!
A nearby fungus withers and dies.
Something hits you but does no damage.
Unknown command.
Unknown command.
You completely miss something. Something hits you. Something shocks you.
* * * LOW HITPOINT WARNING * * *
You smother the flame.
Unknown command.
You hit something but do no damage.
A nearby plant withers and dies.
Something completely misses you.
You are caught in the web!
There is a web here.
You disentangle yourself.
Something hits you.
* * * LOW HITPOINT WARNING * * *
Something shocks you.
You die...

#....................##...
#.....##.##...##.....##...
#.....#.###...##.....##...
#######.....#..##...##.>........
#......######P.##...##..........
#......#...###.###.........##...
#.....†#...#P^^PP#.........####'
#......#...#P...P#..##.....##.).
#......'...#P._@.############...
#......#...#P.P.^# #....
#......#####P...P# #....
#......# ####### ##### ########


There were no monsters in sight!

Vanquished Creatures
  An orc warrior (D:6)
  An ogre (D:4)
  A scorpion (D:4)
  A hound (D:3)
  A centaur zombie (D:5)
  An orc priest (D:4)
  4 orc wizards
  2 centaur skeletons (D:4)
  Terence (D:2)
  Jessica (D:3)
  2 iguanas
  A worker ant (D:4)
  A hound skeleton (D:5)
  4 gnolls (D:5)
  5 adders
  A shadow imp (D:5)
  A white imp (D:5)
  An ufetubus (D:5)
  A worm (D:4)
  A dart slug (D:3)
  16 orcs
  11 bats
  6 giant cockroaches
  8 goblins
  7 hobgoblins
  6 jackals
  7 kobolds
  2 quokkas
  2 ball pythons (D:3)
  3 frilled lizards (D:1)
  A leopard gecko zombie (D:5)
  7 rats
108 creatures vanquished.

Vanquished Creatures (others)
  A fungus (D:5)
  A plant (D:5)
2 creatures vanquished.

Grand Total: 110 creatures vanquished

Notes
Turn   | Place    | Note
-------+----------+-------------------------------------------
     0 | D:1      | pokeman the Deep Elf Hedge Wizard began the quest for the
                  | Orb.
     0 | D:1      | Reached XP level 1. HP: 10/10 MP: 7/7
     2 | D:1      | You fall into a shaft and drop 1 floor!
   157 | D:2      | Noticed Terence
   194 | D:2      | Reached XP level 2. HP: 16/16 MP: 3/9
   794 | D:1      | Reached skill level 5 in Spellcasting
  1054 | D:1      | Reached XP level 3. HP: 17/20 MP: 6/11
  1058 | D:1      | Learned a level 3 spell: Mephitic Cloud
  1061 | D:1      | Learned a level 2 spell: Call Imp
  1064 | D:1      | Learned a level 2 spell: Blink
  1068 | D:1      | Learned a level 3 spell: Conjure Flame
  1779 | D:2      | Reached skill level 1 in Fighting
  1779 | D:2      | Reached skill level 1 in Armour
  2156 | D:2      | Killed Terence
  2517 | D:3      | Reached XP level 4. HP: 25/25 MP: 11/13
  3126 | D:3      | Noticed Jessica
  3131 | D:3      | Killed Jessica
  3132 | D:3      | Reached skill level 1 in Fire Magic
  3574 | D:3      | Reached skill level 6 in Spellcasting
  3574 | D:3      | Reached XP level 5. HP: 29/29 MP: 7/15
  3686 | D:4      | Found a shadowy altar of Dithmenos.
  3759 | D:4      | Reached skill level 1 in Poison Magic
  3760 | D:4      | Gained mutation: You have sharp toenails. [potion of
                  | mutation]
  3760 | D:4      | Gained mutation: You occasionally shout uncontrollably at
                  | your foes. [potion of mutation]
  3760 | D:4      | Gained mutation: Your flesh is cold resistant. (rC+)
                  | [potion of mutation]
  3760 | D:4      | Gained mutation: You have a pair of small antennae on your
                  | head. [potion of mutation]
  3978 | D:4      | Noticed an ogre
  3989 | D:4      | Killed an ogre
  3990 | D:4      | Reached XP level 6. HP: 34/34 MP: 5/17
  4189 | D:4      | Reached skill level 7 in Spellcasting
  4477 | D:4      | Found a broken altar of Ashenzari.
  4484 | D:4      | Found Ihyan's Armour Shop.
  4486 | D:4      | Found Agues's Armour Shop.
  4486 | D:4      | Found Hatipp's Magic Scroll Shop.
  4488 | D:4      | Found Qenijo's Distillery.
  5197 | D:4      | Reached skill level 1 in Air Magic
  5197 | D:4      | Reached XP level 7. HP: 14/38 MP: 2/20
  6062 | D:4      | Lost mutation: You have sharp toenails. [potion of
                  | mutation]
  6062 | D:4      | Lost mutation: You have a pair of small antennae on your
                  | head. [potion of mutation]
  6062 | D:4      | Lost mutation: You occasionally shout uncontrollably at
                  | your foes. [potion of mutation]
  6062 | D:4      | Lost mutation: Your flesh is cold resistant. (rC+) [potion
                  | of mutation]
  6062 | D:4      | Gained mutation: Your mind is acute. (Int +2) [potion of
                  | mutation]
  6062 | D:4      | Lost mutation: Your mind is acute. (Int +2) [potion of
                  | mutation]
  6062 | D:4      | Gained mutation: You have a beak for a mouth. [potion of
                  | mutation]
  6062 | D:4      | Gained mutation: You are partially covered in molten
                  | scales. (AC +2) [potion of mutation]
  6069 | D:5      | Entered Level 5 of the Dungeon
  6336 | D:5      | Found a sacrificial altar of Ru.
  6674 | D:5      | Reached skill level 8 in Spellcasting
  7040 | D:5      | Slain by a sky beast

Illustrated notes

Levels and vault maps discovered:
D:1:      shiori_arrival_elements, layout_basic
D:2:      layout_basic, uniq_terence
D:3:      layout_loops_ring, uniq_jessica
D:4:      layout_layer_cave, nicolae_dithmenos_shadow_blocks,
          minmay_shop_grid_forest, ashenzari_altar_1
D:5:      layout_gridville, nicolae_ru_the_path_less_chosen
D:6:      old_forge, layout_layer_cave, basic_altar, minmay_splitting_lines

Skill      XL: |  1  2  3  4  5  6  7 |
---------------+----------------------+-----
Spellcasting   | 5 6 7 8 |  8.4
Fighting       | 1 |  1.9
Armour         | 1 |  1.0
Conjurations   | 2 3 4 |  4.2
Dodging        | 3 |  3.0
Fire Magic     | 1 2 |  2.2
Stealth        | 3 4 |  4.0
Poison Magic   | 1 2 |  2.0
Air Magic      | 1 |  1.0
Summonings     | |  1.1
Translocations | |  1.1

Action                   |  1- 3 |  4- 6 |  7- 9 || total
-------------------------+-------+-------+-------++-------
Melee: Dagger            |    18 |    31 |    25 ||    74
       Kick              |       |     9 |       ||     9
       Peck              |       |       |     6 ||     6
 Cast: Magic Dart        |    89 |   156 |    93 ||   338
       Conjure Flame     |     1 |     4 |     6 ||    11
       Call Imp          |     1 |     1 |     1 ||     3
       Mephitic Cloud    |       |     5 |     4 ||     9
  Use: Potion            |       |     6 |     1 ||     7
Armor: Robe              |    10 |       |       ||    10
       Leather armour    |       |    16 |    14 ||    30
Dodge: Dodged            |    28 |    34 |    31 ||    93
